 Dungeon Sprint DCSS version 0.20-a0-1122-gb7cbeb9 (webtiles) character file.

478307 potatolord6000 the Invulnerable (level 21, -3/223 (224) HPs)
             Began as a Minotaur Fighter on May 11, 2017.
             Was an Initiate of Gozag.
             Killed by divine providence
             ... invoked by a greater mummy
              (10 damage)
             ... in the Dungeon (Sprint IX: "|||||||||||||||||||||||||||||").
             The game lasted 00:40:57 (11073 turns).

potatolord6000 the Invulnerable (Minotaur Fighter) Turns: 11073, Time: 00:40:57

HP:   -3/223 (224)  AC: 39    Str: 37      XL:     21   Next: 74%
MP:   60/60         EV: 34    Int:  7      God:    Gozag
Gold: 3440          SH:  0    Dex: 20 (21) Spells: 74/74 levels left

rFire    + . .     SeeInvis +   o - +4 battleaxe "Sarcophage" {pain, MP+9 Str+4 Int+4}
rCold    + + +     Gourm    .   (shield currently unavailable)
rNeg     + . .     Faith    .   h - +7 plate armour of the Spider Nest {Int+3 Dex+4}
rPois    .         Spirit   .   g - +1 hat
rElec    +         Reflect  .   p - +1 cloak of Starlight {rElec rC+ EV+4 Stlth--}
rCorr    .         Harm     .   t - +2 pair of gloves "Wuck" {Str+2}
MR       +....     Rnd*Rage +   v - +0 pair of boots of Gaesyps {rElec rC++ Int-3} Stlth +.........NoTele +
                                I - amulet "Bilicsua" {RegenMP rF+ Slay+3}
Regen    0.5/turn               x - ring "Ifoobeel" {rN+ Str+2 Dex+4 Slay+2 SInv}
MPRegen  0.6/turn               a - ring "Tixayfro" {rC+ Dex+3 Slay+3}

@: gold aura
A: retaliatory headbutt, horns 2, berserk 1, deterioration 1, dopey 1, weak 1,
no potion heal 1, subdued magic 2
0: Orb of Zot
}: 7/15 runes: decaying, serpentine, barnacled, slimy, elven, silver, gossamer
a: Potion Petition, Call Merchant, Bribe Branch, Renounce Religion


You were in the Dungeon.
You worshipped Gozag.
Gozag was most pleased with you.
You were not hungry.

You visited 1 branch You collected 50848 gold pieces.
You spent 9230 gold pieces at shops.
You paid 38178 gold pieces to Gozag.

Inventory:

Hand Weapons
 o - the +4 battleaxe "Sarcophage" (weapon) {pain, MP+9 Str+4 Int+4}
   (You bought it in a shop in the Dungeon)

   In the hands of one skilled in necromantic magic, it inflicts extra damage on
   living creatures.
   It affects your strength (+4).
   It affects your intelligence (+4).
   It affects your magic capacity (+9).
Armour
 g - a +1 hat (worn)
 h - the +7 plate armour of the Spider Nest (worn) {Int+3 Dex+4}
   (You bought it in a shop in the Dungeon)

   It affects your intelligence (+3).
   It affects your dexterity (+4).
 p - the +1 cloak of Starlight (worn) {rElec rC+ EV+4 Stlth--}
   (You bought it in a shop in the Dungeon)

   It affects your evasion (+4).
   It protects you from cold.
   It insulates you from electricity.
   It makes you much less stealthy.
 t - the +2 pair of gloves "Wuck" (worn) {Str+2}
   (You bought it in a shop in the Dungeon)

   It affects your strength (+2).
 v - the +0 pair of boots of Gaesyps (worn) {rElec rC++ Int-3}
   (You bought it in a shop in the Dungeon)

   It affects your intelligence (-3).
   It greatly protects you from cold.
   It insulates you from electricity.
Jewellery
 a - the ring "Tixayfro" (right hand) {rC+ Dex+3 Slay+3}
   (You bought it in a shop in the Dungeon)

   [ring of slaying]

   It affects your dexterity (+3).
   It affects your accuracy and damage with ranged weapons and melee attacks
   (+3).
   It protects you from cold.
 x - the ring "Ifoobeel" (left hand) {rN+ Str+2 Dex+4 Slay+2 SInv}
   (You bought it in a shop in the Dungeon)

   [ring of strength]

   It affects your strength (+2).
   It affects your dexterity (+4).
   It affects your accuracy and damage with ranged weapons and melee attacks
   (+2).
   It protects you from negative energy.
   It lets you see invisible.
 I - the amulet "Bilicsua" (around neck) {RegenMP rF+ Slay+3}
   (You found it in the Dungeon)

   [amulet of magic regeneration]

   It increases your magic regeneration.
   It affects your accuracy and damage with ranged weapons and melee attacks
   (+3).
   It protects you from fire.
Scrolls
 b - a scroll of fear
 k - 3 scrolls of blinking
 m - 6 scrolls of remove curse
 n - 2 scrolls of amnesia
 q - 4 scrolls of enchant armour
 r - 4 scrolls of recharging
 s - 3 scrolls of identify
 u - 5 scrolls of fog
 y - 4 scrolls of enchant weapon
 D - a scroll of magic mapping {unknown}
Potions
 i - 4 potions of magic
 j - 2 potions of berserk rage
 l - a potion of invisibility
 z - a potion of agility
 A - 6 potions of haste
 B - a potion of resistance
 C - 2 potions of might
Comestibles
 c - 40 fruits
 d - 4 meat rations
 f - 13 bread rations


   Skills:
 O Level 27 Fighting
 O Level 27 Axes
 O Level 27 Throwing
 O Level 27 Armour
 O Level 27 Dodging
 O Level 27 Stealth
   Level 16.0 Shields
 O Level 27 Unarmed Combat
 O Level 27 Spellcasting
   Level 12.3 Evocations


You had 74 spell levels left.
You didn't know any spells.

Dungeon Overview and Level Annotations

Branches:
Dungeon (1/1)

Altars:
Cheibriados
Dithmenos
Elyvilon
Fedhas
Gozag
Hepliaklqana
Kikubaaqudgha
Makhleb
Nemelex Xobeh
Okawaru
Qazlal
Ru
Sif Muna
Trog
Uskayaw
Vehumet
Wu Jian
Xom
Yredelemnul
Zin
The Shining One
Beogh
Jiyva
Lugonu

Shops:
D ([=[=[![=[=[*=*%=(:[([


Innate Abilities, Weirdness & Mutations

You reflexively headbutt those who attack you in melee.
You have a pair of horns on your head.
You tend to lose your temper in combat.
Your body sometimes deteriorates upon taking damage.
You are dopey. (Int -2)
You are weak. (Str -2)
Potions are less effective at restoring your health.
Your spells are easier to cast, but less powerful.


Message History

You destroy the flying skull!
You hit the shadow.
The greater mummy casts a spell.
The greater mummy calls on the powers of darkness!
Your body is wracked with pain!
* * * LOW HITPOINT WARNING * * *
The greater mummy casts a spell at you. Something smites you!
* * * LOW HITPOINT WARNING * * *
You slice the flying skull like a ripe choko!!!
You destroy the flying skull!
You slice the shadow!!
You destroy the shadow!
The greater mummy calls on the powers of darkness!
Your body is wracked with pain!
* * * LOW HITPOINT WARNING * * *
The greater mummy gestures at you while chanting.
Something smites you!
You die...
Your body crumbles into a pile of gold.

▓.▓.▓.▓.▓.▓)▓.▓.
▓M▓.▓.▓.▓.▓.▓.▓.▓.
▓M▓.▓.▓.▓.▓.▓)▓.▓.
▓M▓.▓.▓.▓.▓.▓.▓.▓.
▓M▓.▓.▓.▓.▓.▓)▓.▓!
▓M▓.▓'▓.▓.▓.▓.▓.▓.
▓M▓.▓.▓.▓.▓.▓.▓.▓.
▓$▓.▓.▓.▓.▓.▓.▓.▓.
▓@▓.▓)▓.▓.▓.▓)▓.▓.
▓.▓.▓)▓.▓.▓.▓.▓.▓.
▓.▓.▓)▓.▓.▓.▓.▓.▓.
▓.▓.▓)▓.▓.▓.▓)▓.▓[
▓.▓.▓.▓.▓'▓.▓)▓.▓[
▓.▓.▓)▓.▓.▓.▓'▓.▓[
▓∩▓.▓)▓.▓'▓.▓.▓.▓[
▓.▓.▓)▓.▓.▓.▓.▓.▓[
▓.▓.▓)▓.▓'▓.▓.▓.▓[


You could see 4 greater mummies, a mummy priest and a guardian mummy.

Vanquished Creatures
  the Royal Jelly (D)
  5 ancient liches (D)
  Mara (D)
  5 orbs of fire (D)
  Mennas (D)
  Sojobo (D)
  A greater mummy (D)
  Boris (D)
  Frederick (D)
  2 curse toes (D)
  2 Killer Klowns (D)
  Margery (D)
  4 golden dragons (D)
  A bone dragon (D)
  2 liches (D)
  An electric golem (D)
  A Tzitzimitl (D)
  2 tentacled monstrosities (D)
  29 Orb Guardians (D)
  A Hell Sentinel (D)
  A pandemonium lord (D)
  2 deep elf blademasters (D)
  An Executioner (D)
  12 sphinxes (D)
  5 acid blobs (D)
  6 death cobs (D)
  9 shadow dragons (D)
  3 storm dragons (D)
  2 tengu reavers (D)
  6 azure jellies (D)
  Ilsuiw (D)
  2 fire giants (D)
  7 nagarajas (D)
  A draconian knight (D)
  2 deep elf sorcerers (D)
  2 ghost moths (D)
  A draconian scorcher (D)
  3 frost giants (D)
  3 vault wardens (D)
  A balrug (D)
  Louise (D)
  A draconian stormcaller (D)
  8 emperor scorpions (D)
  A spriggan defender (D)
  A very ugly thing (D)
  4 ironheart preservers (D)
  4 draconian shifters (D)
  3 draconian annihilators (D)
  A reaper (D)
  A war gargoyle (D)
  9 stone giants (D)
  9 vampire knights (D)
  2 deep elf demonologists (D)
  An entropy weaver (D)
  4 black draconians (D)
  A white draconian (D)
  4 spark wasps (D)
  3 deep elf annihilators (D)
  2 red draconians (D)
  2 purple draconians (D)
  5 yellow draconians (D)
  4 deep elf death magi (D)
  3 merfolk javelineers (D)
  6 ogre magi (D)
  A mummy priest (D)
  3 ettins (D)
  A crystal guardian (D)
  Snorg (D)
  A deep elf high priest (D)
  3 fire dragons (D)
  A yaktaur captain (D)
  4 merfolk impalers (D)
  8 death oozes (D)
  2 rakshasas (D)
  2 great orbs of eyes (D)
  Harold (D)
  25 vault guards (D)
  6 hydras (D)
  A ghost crab (D)
  A naga warrior (D)
  A merfolk avatar (D)
  2 ice dragons (D)
  A two-headed ogre (D)
  An alligator (D)
  2 anacondas (D)
  A death knight (D)
  2 merfolk aquamancers (D)
  2 centaur warriors (D)
  A deep troll earth mage (D)
  A vampire mage (D)
  4 death yaks (D)
  3 shock serpents (D)
  12 spriggans (D)
  2 sun demons (D)
  A sixfirhy (D)
  5 hell knights (D)
  A salamander mystic (D)
  A skeletal warrior (D)
  2 glowing orange brains (D)
  A sea snake (D)
  An unseen horror (D)
  6 deep trolls (D)
  A shambling mangrove (D)
  A wizard (D)
  5 swamp dragons (D)
  A harpy (D)
  4 orc knights (D)
  An ironbrand convoker (D)
  4 ugly things (D)
  An orb spider (D)
  2 wolf spiders (D)
  5 cyclopes (D)
  A naga mage (D)
  11 moths of wrath (D)
  2 black mambas (D)
  A water nymph (D)
  A smoke demon (D)
  2 guardian serpents (D)
  4 spiny frogs (D)
  5 vault sentinels (D)
  A komodo dragon (D)
  3 yaktaurs (D)
  4 demonic crawlers (D)
  3 hellwings (D)
  A tengu conjurer (D)
  2 red devils (D)
  A jumping spider (D)
  18 guardian mummies (D)
  3 trolls (D)
  6 merfolk (D)
  A jumping spider (shapeshifter) (D)
  4 hornets (D)
  A tyrant leech (D)
  A hippogriff (D)
  A bog body (D)
  A snapping turtle (D)
  A slime creature (D)
  A large abomination (D)
  A spriggan (shapeshifter) (D)
  2 tarantellas (D)
  A wraith (D)
  2 wyverns (D)
  3 golden eyes (D)
  5 yaks (D)
  2 chaos spawn (D)
  A vampire mosquito (D)
  3 nagas (D)
  2 porcupines (D)
  4 water moccasins (D)
  3 swamp drakes (D)
  2 floating eyes (D)
  An ice beast (D)
  A sky beast (D)
  13 orc warriors (D)
  An eye of draining (shapeshifter) (D)
  5 crocodiles (D)
  2 bullfrogs (D)
  A scorpion (D)
  A wight (D)
  A howler monkey (D)
  A hound (D)
  3 orc priests (D)
  3 orc wizards (D)
  2 adder skeletons (D)
  A worm (D)
  7 orcs (D)
  A bat zombie (D)
  A giant cockroach (D)
  A hobgoblin (D)
  2 bats (D)
  A frilled lizard (D)
  A rat (D)
513 creatures vanquished.

Vanquished Creatures (others)
  A death cob (D)
1 creature vanquished.

Grand Total: 514 creatures vanquished

Notes
Turn   | Place    | Note
-------+----------+-------------------------------------------
     0 | D        | potatolord6000 the Minotaur Fighter began the quest for the Orb.
     0 | D        | Reached XP level 1. HP: 19/19 MP: 0/0
   204 | D        | Reached XP level 2. HP: 28/28 MP: 1/1
   221 | D        | Found a roughly hewn altar of Beogh.
   221 | D        | Found a snail-covered altar of Cheibriados.
   221 | D        | Found a shadowy altar of Dithmenos.
   221 | D        | Found a white marble altar of Elyvilon.
   221 | D        | Found a blossoming altar of Fedhas.
   221 | D        | Found an opulent altar of Gozag.
   222 | D        | Found a hazy altar of Hepliaklqana.
   223 | D        | Found a viscous altar of Jiyva.
   224 | D        | Found an ancient bone altar of Kikubaaqudgha.
   225 | D        | Found a corrupted altar of Lugonu.
   226 | D        | Found a burning altar of Makhleb.
   227 | D        | Found a sparkling altar of Nemelex Xobeh.
   228 | D        | Found an iron altar of Okawaru.
   229 | D        | Became a worshipper of Gozag Ym Sagoz the Greedy
   230 | D        | Found a stormy altar of Qazlal.
   231 | D        | Found a sacrificial altar of Ru.
   232 | D        | Found a deep blue altar of Sif Muna.
   233 | D        | Found a bloodstained altar of Trog.
   234 | D        | Found a hide-covered altar of Uskayaw.
   235 | D        | Found a radiant altar of Vehumet.
   236 | D        | Found an ornate altar of the Wu Jian Council.
   237 | D        | Found a shimmering altar of Xom.
   238 | D        | Found a basalt altar of Yredelemnul.
   239 | D        | Found a glowing silver altar of Zin.
   240 | D        | Found a glowing golden altar of the Shining One.
   329 | D        | Noticed a scorpion
   329 | D        | Noticed a two-headed ogre
   329 | D        | Noticed a water moccasin
   329 | D        | Noticed an ice beast
   329 | D        | Noticed a howler monkey
   333 | D        | Killed a howler monkey
   333 | D        | Reached skill level 5 in Fighting
   333 | D        | Reached skill level 5 in Axes
   333 | D        | Reached skill level 5 in Armour
   333 | D        | Reached skill level 5 in Shields
   333 | D        | Reached XP level 3. HP: 37/37 MP: 2/2
   334 | D        | Killed an ice beast
   334 | D        | Reached XP level 4. HP: 47/47 MP: 3/3
   334 | D        | Reached XP level 5. HP: 52/52 MP: 4/4
   336 | D        | Killed a water moccasin
   343 | D        | Killed a two-headed ogre
   343 | D        | Reached skill level 10 in Fighting
   343 | D        | Reached skill level 10 in Axes
   343 | D        | Reached skill level 10 in Armour
   343 | D        | Reached skill level 10 in Shields
   343 | D        | Reached XP level 6. HP: 55/67 MP: 5/5
   343 | D        | Reached XP level 7. HP: 60/73 MP: 6/6
   361 | D        | Noticed a cyan ugly thing
   361 | D        | Noticed a cyclops
   361 | D        | Noticed a centaur warrior
   361 | D        | Noticed a cyclops
   365 | D        | Killed a cyclops
   365 | D        | Reached XP level 8. HP: 71/82 MP: 7/7
   375 | D        | Killed a centaur warrior
   375 | D        | Reached XP level 9. HP: 68/92 MP: 8/8
   379 | D        | Killed a cyclops
   386 | D        | Killed a cyan ugly thing
   593 | D        | Noticed a komodo dragon
   595 | D        | Noticed a seven-headed hydra
   606 | D        | Killed a komodo dragon
   619 | D        | Killed a nine-headed hydra
   619 | D        | Reached XP level 10. HP: 31/103 MP: 9/9
   646 | D        | Bought the +2 pair of gloves "Wuck" {Str+2} for 257 gold pieces
   646 | D        | Bought the +0 pair of boots of Gaesyps {rElec rC++ Int-3} for 297 gold pieces
   646 | D        | Bought the +7 chain mail of Narcissism {rN+ Str+5 Int-4 Stlth-} for 514 gold pieces
   974 | D        | Noticed a spiny frog
   974 | D        | Noticed a spiny frog
   983 | D        | Killed a spiny frog
   995 | D        | Killed a spiny frog
  1024 | D        | Noticed a death yak
  1024 | D        | Noticed a death yak
  1024 | D        | Noticed a death yak
  1024 | D        | Noticed a death yak
  1031 | D        | Killed a death yak
  1031 | D        | Reached skill level 15 in Fighting
  1031 | D        | Reached skill level 15 in Armour
  1031 | D        | Reached skill level 15 in Shields
  1038 | D        | Killed a death yak
  1038 | D        | Reached skill level 15 in Axes
  1042 | D        | Killed a death yak
  1044 | D        | Killed a death yak
  1044 | D        | Reached XP level 11. HP: 114/114 MP: 10/10
  1088 | D        | Bought the +4 battleaxe "Sarcophage" {pain, MP+9 Str+4 Int+4} for 1183 gold pieces
  1314 | D        | Reached skill level 1 in Dodging
  1384 | D        | Bought the +1 cloak of Starlight {rElec rC+ EV+4 Stlth--} for 1513 gold pieces
  1400 | D        | Found Tiqin's Book Boutique.
  1400 | D        | Noticed a deep troll
  1400 | D        | Noticed a stone giant
  1400 | D        | Noticed a deep troll
  1400 | D        | Noticed a deep troll
  1401 | D        | Noticed a deep troll
  1402 | D        | Killed a deep troll
  1404 | D        | Found Plog's Antique Weapon Shop.
  1407 | D        | Noticed an ogre mage
  1407 | D        | Killed a stone giant
  1410 | D        | Noticed an ogre mage
  1411 | D        | Killed a deep troll
  1411 | D        | Reached skill level 5 in Dodging
  1416 | D        | Killed a deep troll
  1419 | D        | Killed a deep troll
  1427 | D        | Killed an ogre mage
  1428 | D        | Found Tezxute's Food Boutique.
  1432 | D        | Killed an ogre mage
  1435 | D        | Found Vohocapi's General Store.
  1437 | D        | Noticed an ettin
  1438 | D        | Noticed an ettin
  1439 | D        | Noticed a stone giant
  1440 | D        | Noticed an ogre mage
  1442 | D        | Noticed a deep troll
  1445 | D        | Killed an ettin
  1445 | D        | Reached XP level 12. HP: 88/127 MP: 11/11
  1450 | D        | Killed a stone giant
  1454 | D        | Killed an ettin
  1459 | D        | Killed an ogre mage
  1508 | D        | Bought 2 potions of heal wounds for 120 gold pieces
  1514 | D        | Bought the ring "Tixayfro" {rC+ Dex+3 Slay+3} for 914 gold pieces
  1952 | D        | Noticed an ogre mage
  1956 | D        | Killed an ogre mage
  1963 | D        | Reached skill level 10 in Dodging
  1964 | D        | Noticed a vampire knight
  1967 | D        | Noticed a rakshasa
  1969 | D        | Noticed a stone giant
  1979 | D        | Noticed a stone giant
  1987 | D        | Paralysed by something for 6 turns
  1991 | D        | Noticed a great orb of eyes
  2000 | D        | Killed a vampire knight
  2004 | D        | Killed a rakshasa
  2008 | D        | Killed a stone giant
  2012 | D        | Killed a stone giant
  2016 | D        | Killed a great orb of eyes
  2052 | D        | Bought the ring "Ifoobeel" {rN+ Str+2 Dex+4 Slay+2 SInv} for 516 gold pieces
  2314 | D        | Noticed Harold
  2326 | D        | Killed Harold
  2326 | D        | Reached XP level 13. HP: 124/138 MP: 12/12
  2521 | D        | Noticed an emperor scorpion
  2521 | D        | Noticed an entropy weaver
  2521 | D        | Noticed an emperor scorpion
  2528 | D        | Killed an emperor scorpion
  2531 | D        | Killed an entropy weaver
  2544 | D        | Killed an emperor scorpion
  2584 | D        | Bought a potion of might for 52 gold pieces
  2584 | D        | Bought a potion of heal wounds for 65 gold pieces
  2849 | D        | Noticed a nagaraja
  2871 | D        | Killed a nagaraja
  2875 | D        | Reached skill level 15 in Dodging
  3243 | D        | Bought an ichor-stained large shield for 313 gold pieces
  3251 | D        | Noticed Snorg
  3257 | D        | Killed Snorg
  3344 | D        | Noticed a spriggan defender
  3344 | D        | Noticed a spark wasp
  3344 | D        | Noticed a frost giant
  3349 | D        | Noticed a frost giant
  3350 | D        | Killed a frost giant
  3350 | D        | Reached XP level 14. HP: 152/152 MP: 13/13
  3352 | D        | Noticed a frost giant
  3364 | D        | Killed a spriggan defender
  3370 | D        | Noticed a stone giant
  3370 | D        | Killed a frost giant
  3375 | D        | Killed a frost giant
  3378 | D        | Noticed a stone giant
  3390 | D        | Killed a stone giant
  3397 | D        | Killed a stone giant
  3450 | D        | Bought the amulet "Ithower" {*Drain +Rage rElec Dex+7} for 1135 gold pieces
  3585 | D        | Noticed an ironheart preserver
  3600 | D        | Killed an ironheart preserver
  3602 | D        | Noticed an ironheart preserver
  3623 | D        | Killed an ironheart preserver
  3737 | D        | Noticed Margery
  3747 | D        | Killed Margery
  3751 | D        | Reached XP level 15. HP: 101/166 MP: 14/14
  4159 | D        | Noticed Mara
  4168 | D        | Killed Mara
  4208 | D        | Noticed Boris
  4218 | D        | Killed Boris
  4373 | D        | Noticed a ghost moth
  4399 | D        | Killed a ghost moth
  4424 | D        | Noticed a ghost moth
  4437 | D        | Killed a ghost moth
  4452 | D        | Got a gossamer rune of Zot
  4713 | D        | Noticed Ilsuiw
  4731 | D        | Killed Ilsuiw
  4785 | D        | Got a barnacled rune of Zot
  4925 | D        | Reached XP level 16. HP: 175/180 MP: 15/15
  4935 | D        | Got a decaying rune of Zot
  4964 | D        | Bought the amulet "Peryciw" {Gourm Str+6} for 793 gold pieces
  5012 | D        | Reached skill level 27 in Armour
  5037 | D        | Got a serpentine rune of Zot
  5261 | D        | Noticed Frederick
  5270 | D        | Killed Frederick
  5270 | D        | Reached skill level 27 in Fighting
  5270 | D        | Reached skill level 27 in Axes
  5505 | D        | Noticed a tentacled monstrosity
  5510 | D        | Reached skill level 27 in Dodging
  5510 | D        | Reached skill level 1 in Stealth
  5510 | D        | Reached skill level 1 in Spellcasting
  5510 | D        | Reached skill level 1 in Evocations
  5516 | D        | Killed a tentacled monstrosity
  5520 | D        | Noticed a shadow dragon
  5526 | D        | Noticed a shadow dragon
  5535 | D        | Reached skill level 5 in Stealth
  5535 | D        | Reached skill level 5 in Evocations
  5544 | D        | Reached skill level 5 in Spellcasting
  5553 | D        | Killed a shadow dragon
  5559 | D        | Killed a shadow dragon
  5559 | D        | Reached XP level 17. HP: 167/191 MP: 24/24
  5631 | D        | Bought a potion of resistance for 130 gold pieces
  5631 | D        | Bought a potion of haste for 130 gold pieces
  5631 | D        | Bought a potion of might for 52 gold pieces
  5631 | D        | Bought a potion of curing for 39 gold pieces
  5631 | D        | Bought a potion of might for 52 gold pieces
  5631 | D        | Bought a potion of might for 52 gold pieces
  5631 | D        | Bought a potion of curing for 39 gold pieces
  5659 | D        | Reached skill level 10 in Stealth
  5659 | D        | Reached skill level 10 in Evocations
  5685 | D        | Got a silver rune of Zot
  5721 | D        | Noticed Mennas
  5722 | D        | Noticed Louise
  5738 | D        | Killed Mennas
  5740 | D        | Killed Louise
  5907 | D        | Got the ring "Fiudila" {+Fly Str+3 Dex+2}
  5909 | D        | Got the ring "Zifes" {-Tele rC+ Int+3 Dex+2}
  5911 | D        | Got the ring of Xuikhaha {rPois rC+}
  5913 | D        | Got the ring "Sosyt" {rCorr rC+ Str+4}
  5915 | D        | Got the amulet "Bilicsua" {RegenMP rF+ Slay+3}
  5997 | D        | Noticed Sojobo
  6000 | D        | Reached skill level 10 in Spellcasting
  6018 | D        | Killed Sojobo
  6220 | D        | Noticed a lich
  6236 | D        | Killed a lich
  6240 | D        | Reached skill level 15 in Stealth
  6282 | D        | Noticed a golden dragon
  6282 | D        | Noticed a bone dragon
  6287 | D        | Killed a bone dragon
  6298 | D        | Killed a golden dragon
  6548 | D        | Reached XP level 18. HP: 170/200 MP: 35/35
  6628 | D        | Reached skill level 15 in Spellcasting
  6691 | D        | Noticed a curse toe
  6691 | D        | Noticed a golden dragon
  6708 | D        | Noticed a golden dragon
  6714 | D        | Killed a golden dragon
  6718 | D        | Killed a curse toe
  6726 | D        | Killed a golden dragon
  7236 | D        | Noticed an Orb Guardian
  7236 | D        | Noticed an Orb Guardian
  7236 | D        | Noticed an Orb Guardian
  7236 | D        | Noticed an Orb Guardian
  7236 | D        | Noticed an Orb Guardian
  7236 | D        | Noticed an Orb Guardian
  7237 | D        | Noticed an Orb Guardian
  7239 | D        | Killed an Orb Guardian
  7241 | D        | Killed an Orb Guardian
  7242 | D        | Noticed an Orb Guardian
  7242 | D        | Killed an Orb Guardian
  7245 | D        | Killed an Orb Guardian
  7249 | D        | Killed an Orb Guardian
  7252 | D        | Killed an Orb Guardian
  7253 | D        | Noticed an Orb Guardian
  7254 | D        | Killed an Orb Guardian
  7255 | D        | Noticed an Orb Guardian
  7263 | D        | Killed an Orb Guardian
  7268 | D        | Killed an Orb Guardian
  7273 | D        | Killed an Orb Guardian
  7429 | D        | Noticed an Orb Guardian
  7429 | D        | Noticed an Orb Guardian
  7433 | D        | Noticed an Orb Guardian
  7439 | D        | Killed an Orb Guardian
  7446 | D        | Killed an Orb Guardian
  7446 | D        | Reached XP level 19. HP: 173/207 MP: 41/41
  7731 | D        | Noticed an ancient lich
  7734 | D        | Killed an ancient lich
  7738 | D        | Noticed an orb of fire
  7743 | D        | Killed an orb of fire
  7747 | D        | Noticed an electric golem
  7751 | D        | Noticed an orb of fire
  7751 | D        | Noticed a Killer Klown
  7751 | D        | Noticed a golden dragon
  7751 | D        | Noticed an orb of fire
  7760 | D        | Gained mutation: Your body sometimes deteriorates upon taking damage. [an orb of fire]
  7761 | D        | Noticed an orb of fire
  7761 | D        | Killed an electric golem
  7762 | D        | Killed an orb of fire
  7767 | D        | Killed a Killer Klown
  7769 | D        | Gained mutation: You tend to lose your temper in combat. [an orb of fire]
  7770 | D        | Noticed a Killer Klown
  7770 | D        | Lost intelligence.
  7770 | D        | Gained mutation: You are dopey. (Int -2) [an orb of fire]
  7776 | D        | Gained mutation: Your spells are a little easier to cast, but a little less powerful. [an orb of fire]
  7777 | D        | Killed an orb of fire
  7777 | D        | Reached skill level 27 in Stealth
  7779 | D        | Gained mutation: Your spells are easier to cast, but less powerful. [an orb of fire]
  7781 | D        | Noticed an orb of fire
  7781 | D        | Gained mutation: You are weak. (Str -2) [an orb of fire]
  7785 | D        | Noticed an ancient lich
  7786 | D        | Killed an orb of fire
  7788 | D        | Killed a golden dragon
  7789 | D        | Gained mutation: Potions are less effective at restoring your health. [an orb of fire]
  7790 | D        | Noticed an ancient lich
  7793 | D        | Killed an orb of fire
  7797 | D        | Killed an ancient lich
  7800 | D        | Noticed a curse toe
  7804 | D        | Killed an ancient lich
  7812 | D        | Killed a Killer Klown
  7818 | D        | Reached XP level 20. HP: 40/216 MP: 48/48
  7830 | D        | Killed a curse toe
  7867 | D        | Lost intelligence.
  9021 | D        | Reached skill level 27 in Spellcasting
  9032 | D        | Reached skill level 5 in Throwing
  9039 | D        | Reached skill level 10 in Unarmed Combat
  9091 | D        | Got the Orb of Zot
  9097 | D        | Bought a distressingly furry plate armour for 1064 gold pieces
  9111 | D        | Identified the +7 plate armour of the Spider Nest {Int+3 Dex+4} (You bought it in a shop in the Dungeon)
  9200 | D        | Noticed an ancient lich
  9205 | D        | Reached skill level 10 in Throwing
  9205 | D        | Reached skill level 15 in Unarmed Combat
  9207 | D        | Noticed an ancient lich
  9214 | D        | Killed an ancient lich
  9229 | D        | Killed an ancient lich
  9351 | D        | Reached skill level 15 in Throwing
  9413 | D        | Got an elven rune of Zot
  9448 | D        | Paralysed by a floating eye for 2 turns
  9458 | D        | Paralysed by a floating eye for 2 turns
  9464 | D        | Paralysed by a floating eye for 4 turns
  9470 | D        | Paralysed by a floating eye for 3 turns
  9477 | D        | Paralysed by a floating eye for 3 turns
  9503 | D        | Noticed the Royal Jelly
  9519 | D        | Killed the Royal Jelly
  9519 | D        | Reached XP level 21. HP: 73/224 MP: 51/51
  9526 | D        | Paralysed by a floating eye for 4 turns
  9529 | D        | HP: 10/224 [acid[the Royal Jelly] (6)]
  9532 | D        | Paralysed by a floating eye for 2 turns
  9537 | D        | Paralysed by a floating eye for 2 turns
  9573 | D        | Reached skill level 27 in Unarmed Combat
  9589 | D        | HP: 9/224 [acid (3)]
  9604 | D        | Got a slimy rune of Zot
 10080 | D        | Noticed Fook the pandemonium lord
 10089 | D        | Killed Fook the pandemonium lord
 10595 | D        | Reached skill level 27 in Throwing
 11002 | D        | Noticed a greater mummy
 11014 | D        | Killed a greater mummy
 11064 | D        | Noticed a greater mummy
 11064 | D        | Noticed a greater mummy
 11064 | D        | Noticed a greater mummy
 11064 | D        | Noticed a greater mummy
 11072 | D        | HP: 10/223 [greater mummy/divine providence (16)]
 11073 | D        | Killed from afar by a greater mummy

Vault maps used:
D:        linesprint

Skill      XL: |  1  2  3  4  5  6  7  8  9 10 11 12 13 14 15 16 17 18 19 20 21 |
---------------+----------------------------------------------------------------+-----
Fighting       | 4 5 7 10 11 12 14 15 17 19 21 23 26 27 | 27.0
Armour         | 4 5 7 10 11 12 14 15 17 19 21 23 26 27 | 27.0
Axes           | 3 5 6 10 11 12 13 15 17 19 21 23 26 27 | 27.0
Shields        | 4 5 6 10 11 12 13 15 16 | 16.0
Dodging        | 7 11 15 18 21 27 | 27.0
Stealth        | 7 18 24 27 | 27.0
Spellcasting   | 5 14 19 25 27 | 27.0
Evocations     | 7 12 | 12.3
Throwing       | 18 27 | 27.0
Unarmed Combat | 26 27 | 27.0

Action                   |  1- 3 |  4- 6 |  7- 9 | 10-12 | 13-15 | 16-18 | 19-21 || total
-------------------------+-------+-------+-------+-------+-------+-------+-------++-------
Melee: War axe           |    28 |     7 |    43 |    61 |       |       |       ||   139
       Headbutt          |     4 |       |    19 |    66 |   140 |   204 |   184 ||   617
       Battleaxe         |       |       |       |   142 |   379 |   493 |   445 ||  1459
Invok: Call Merchant     |       |       |       |     5 |     3 |     7 |     3 ||    18
       Potion Petition   |       |       |       |       |       |       |    12 ||    12
  Use: Potion            |     2 |     1 |     4 |     6 |     9 |       |    19 ||    41
       Scroll            |       |       |     6 |       |       |       |     1 ||     7
 Stab: Distracted        |       |       |       |     2 |    14 |    16 |    12 ||    44
       Sleeping          |       |       |       |       |       |     1 |     2 ||     3
  Eat: Meat ration       |       |       |       |     2 |     2 |     2 |     2 ||     8
Armor: Scale mail        |    11 |       |       |       |       |       |       ||    11
       Ring mail         |     1 |       |    13 |     2 |       |       |       ||    16
       Chain mail        |       |       |       |    67 |    83 |    83 |    31 ||   264
       Plate armour      |       |       |       |       |       |       |   134 ||   134
Dodge: Dodged            |     4 |       |     7 |    68 |   324 |   331 |   387 ||  1121
Block: Shield            |    13 |     6 |    33 |    16 |       |       |       ||    68
